 Dungeon Crawl Stone Soup version 0.30-a0-782-ge64f9170bb (webtiles) character file.

Game seed: 16400660426656936063

91 ryw the Trooper (level 4, -4/37 HPs)
             Began as a Demonspawn Monk on Feb 18, 2023.
             Killed by divine providence
             ... invoked by an orc priest
              (16 damage)
             ... on level 3 of the Dungeon.
             The game lasted 00:03:00 (2532 turns).

ryw the Trooper (Demonspawn Monk)                   Turns: 2532, Time: 00:03:01

Health: -4/37      AC:  2    Str: 11    XL:     4   Next: 34%
Magic:  4/4        EV: 19    Int: 11    God:
Gold:   134        SH:  0    Dex: 18    Spells: 3/3 levels left

rFire   . . .      SeeInvis .    l - +3 short sword
rCold   . . .      Faith    .    (no shield)
rNeg    . . .      Spirit   .    a - +0 robe
rPois   .          Reflect  .    (no helmet)
rElec   .          Harm     .    (no cloak)
rCorr   .          Rampage  .    (no gloves)
Will    .....                    (no boots)
Stlth   ++                       (no amulet)
HPRegen 0.26/turn                (no ring)
MPRegen 0.09/turn                (no ring)

@: agile
A: powered by pain 1
a: no special abilities


You were on level 3 of the Dungeon.
You visited 1 branch of the dungeon, and saw 3 of its levels.

You collected 134 gold pieces.

Inventory:

Hand Weapons
 l - a +3 short sword (weapon)
Armour
 a - a +0 robe (worn)
Jewellery
 n - a ring of see invisible
Scrolls
 b - 2 scrolls of blinking {unknown}
 c - a scroll of silence {unknown}
 h - 2 scrolls of enchant armour {unknown}
 k - 3 scrolls of identify {unknown}
 m - a scroll of teleportation {unknown}
Potions
 d - a potion of curing
 e - a potion of resistance {unknown}
 f - a potion of brilliance {unknown}
 g - a potion of might
 i - a potion of lignification {unknown}
 j - a potion of heal wounds {unknown}


   Skills:
 + Level 4.2 Fighting
 + Level 3.8 Dodging
 - Level 1.7 Stealth
 - Level 2.6 Unarmed Combat


You had 3 spell levels left.
You didn't know any spells.
Your spell library was empty.

Dungeon Overview and Level Annotations

Branches:
Dungeon (3/15)

Altars:

Annotations:
D:3 Terence


Innate Abilities, Weirdness & Mutations

You sometimes gain a little power by taking damage.


Message History

You see here 4 stones.
There is a stone staircase leading down here.
You climb downwards.
Level annotation: Terence
There is a stone staircase leading up here.
Unknown command.
A hound comes into view.
The hound moves out of view.
You see here a scroll labelled RUKLOH SIL.
The orc hits you with a +0 hand axe.
An orc comes into view. It is wielding a +0 hand axe.
The orc shouts!
You hit the orc.
The orc is moderately wounded.
The orc hits you with a +0 hand axe.
You hit the orc.
The orc is almost dead.
The orc barely misses you.
You hit the orc.
You kill the orc!
You hit the orc.
The orc is almost dead.
The orc barely misses you.
You hit the orc.
You kill the orc!
You hit the orc.
The orc is severely wounded.
The orc hits you with a +0 dagger.
You puncture the orc!
You kill the orc!
No target in view!
The orc priest invokes the aid of Beogh against you.
Pain shoots through your body!
The orc priest mumbles some strange prayers to Beogh against you.
Beogh smites you!
You focus on the pain.
You feel agile all of a sudden.
The orc priest miscasts a cantrip.
The orc priest mumbles some strange prayers to Beogh against you.
Beogh smites you!
You die...

#@##.....#
#.#......#
#######oo?#....#
...............#
#######..##....#
#...# ....#
#..###....#
###.........#
#######.@...#######
#..........##
#...######.#
#####...######.#
#...#[..#...##..
#.>.#.⌠.#.<.#####
#...#...#...#
####...#...#...#####
................[..#


You could see an orc priest and an orc.

Vanquished Creatures
  2 adders (D:2)
  A dart slug (D:1)
  8 orcs
  7 bats
  4 endoplasms
  3 giant cockroaches
  5 goblins
  6 hobgoblins
  4 kobolds
  2 quokkas
  8 ball pythons
  5 frilled lizards
  3 rats
58 creatures vanquished.

Notes
Turn   | Place    | Note
-------+----------+-------------------------------------------
     0 | D:1      | ryw the Demonspawn Monk began the quest for the Orb.
     0 | D:1      | Reached XP level 1. HP: 18/18 MP: 1/1
   275 | D:1      | Gained mutation: You sometimes gain a little power by
                  | taking damage. [demonic ancestry]
   275 | D:1      | Reached XP level 2. HP: 18/24 MP: 2/2
  1303 | D:2      | Reached XP level 3. HP: 29/29 MP: 3/3
  1739 | D:2      | Reached skill level 4 in Fighting
  2007 | D:2      | Reached XP level 4. HP: 36/37 MP: 4/4
  2354 | D:3      | Noticed Terence
  2532 | D:3      | Killed from afar by an orc priest

Illustrated notes

Levels and vault maps discovered:
D:1:      lightli_arrival_lavapool, layout_basic, serial_bayou_lagoon_b
D:2:      layout_rooms
D:3:      layout_rooms, nicolae_elevator_lobby_plus, uniq_terence, uniq_natasha

Skill      XL: |  1  2  3 |
---------------+----------+-----
Dodging        | 3 |  3.8
Fighting       | 4 |  4.2
Stealth        | |  1.7
Unarmed Combat | |  2.6

Action                     |  1- 3 |  4- 6 || total
---------------------------+-------+-------++-------
  Melee: Unarmed           |   218 |    16 ||   234
         Punch             |     1 |     1 ||     2
         Short sword       |       |    31 ||    31
    Use: Potion            |     1 |     2 ||     3
   Stab: Sleeping          |     4 |     2 ||     6
 Armour: Robe              |    43 |     8 ||    51
  Dodge: Dodged            |   166 |    45 ||   211

Table legend: (Time is in decaauts)
 A = Elapsed time spent in this place.
 B = Non-inter-level travel time spent in this place.
 C = Inter-level travel time spent in this place.
 D = Time resting spent in this place.
 E = Time spent auto-exploring this place.
 F = Levels seen in this place.
 G = Mean time per level.
                   A        B        C        D        E       F      G
               +--------+--------+--------+--------+--------+-----+--------+
         Total |   2535 |   2399 |    136 |    271 |   1607 |   3 |  845.0 |
       Dungeon |   2535 |   2399 |    136 |    271 |   1607 |   3 |  845.0 |
               +--------+--------+--------+--------+--------+-----+--------+

Top non-repeatable levels by time:
     D:1: 1282 daAuts
     D:2: 1070 daAuts
     D:3: 182 daAuts
